 Dungeon Crawl Stone Soup version 0.29-a0-418-gc0181ea820 (webtiles) character file.

Game seed: 14087950113079978833

1724 jimonade the Skirmisher (level 9, -1/72 HPs)
             Began as a Formicid Fighter on May 18, 2022.
             Was an Initiate of Wu Jian.
             Engulfed by a steam dragon's steam (3 damage)
             ... on level 7 of the Dungeon.
             The game lasted 00:20:31 (8702 turns).

jimonade the Skirmisher (Formicid Fighter)          Turns: 8702, Time: 00:20:32

Health: -1/72      AC: 13    Str: 22    XL:     9   Next: 25%
Magic:  10/10      EV:  8    Int: 11    God:    Wu Jian [......]
Gold:   415        SH: 13    Dex: 10    Spells: 9/9 levels left

rFire   . . .      SeeInvis +   y - +2 dagger (venom)
rCold   . . .      Faith    .   T - +0 tower shield
rNeg    . . .      Spirit   .   A - +4 scale mail
rPois   .          Reflect  .   (helmet unavailable)
rElec   .          Harm     .   (no cloak)
rCorr   .          Rampage  .   (no gloves)
Will    .....                   W - +0 pair of boots
Stlth   ..........              (no amulet)
HPRegen 0.22/turn               (no ring)
MPRegen 0.12/turn               (no ring)

@: no status effects
A: permanent stasis, dig shafts and tunnels, antennae 3, four strong arms, sense
surroundings 1, sturdy frame 1
a: Dig, Shaft Self, Renounce Religion


You were on level 7 of the Dungeon.
You worshipped Wu Jian.
Wu Jian was noncommittal.
You visited 2 branches of the dungeon, and saw 8 of its levels.

You collected 415 gold pieces.

Inventory:

Hand Weapons
 a - a +0 quarterstaff
 v - a +1 vorpal spear
 x - a +0 whip
 y - a +2 dagger of venom (weapon)
 E - a +4 mace
 K - a +1 halberd of venom
 P - a +0 war axe of electrocution
 R - a +3 flail
 X - a +2 halberd of distortion
 Y - a +0 great sword
Missiles
 k - 109 stones
 m - 12 poisoned darts (quivered)
 t - 4 curare-tipped darts
 u - 19 boomerangs
 w - a throwing net
Armour
 b - a +0 scale mail
 c - a +0 buckler
 g - a +0 leather armour
 l - a +0 plate armour
 A - a +4 scale mail (worn)
 M - a +0 chain mail
 S - a +0 robe
 T - a +0 tower shield (worn)
 W - a +0 pair of boots (worn)
Magical Staves
 q - a staff of air
 I - a staff of earth
Jewellery
 J - a +4 ring of protection
 Q - a +4 ring of slaying
 U - a ring of protection from cold
Wands
 o - a wand of iceblast (11)
 r - a wand of paralysis (5)
 O - a wand of flame (17)
Scrolls
 e - 9 scrolls of teleportation {unknown}
 f - a scroll of enchant weapon {unknown}
 j - a scroll of magic mapping {unknown}
 n - a scroll of fear {unknown}
 p - 3 scrolls of identify {unknown}
 z - 2 scrolls of immolation {unknown}
 B - a scroll of acquirement {unknown}
 C - a scroll of vulnerability {unknown}
 G - a scroll of poison {unknown}
 N - a scroll of torment {unknown}
 V - a scroll of noise {unknown}
 Z - a scroll of blinking {unknown}
Potions
 d - a potion of might
 h - 2 potions of mutation
 i - 4 potions of curing
 s - 2 potions of flight {unknown}
 D - 2 potions of magic {unknown}
 F - 4 potions of cancellation {unknown}
 H - a potion of lignification {unknown}
 L - a potion of heal wounds {unknown}


   Skills:
 * Level 7.1 Fighting
 + Level 3.7 Short Blades
 + Level 1.8 Axes
 + Level 4.6 Staves
 - Level 0.4 Throwing
 + Level 6.4 Armour
 + Level 2.1 Dodging
 + Level 6.9 Shields
 - Level 0.6 Spellcasting


You had 9 spell levels left.
You didn't know any spells.
Your spell library contained the following spells:

 Spells                   Type           Power      Damage    Failure   Level
 Magic Dart               Conj           0%         1d3       97%         1
 Searing Ray              Conj           0%         2d4       99%         2
 Ozocubu's Armour         Ice            0%         N/A       100%        3
 Summon Guardian Golem    Hex/Summ       0%         N/A       100%        3
 Fulminant Prism          Conj/Hex       0%         3d6       100%        4
 Orb of Destruction       Conj           0%         9d5       100%        7
 Ozocubu's Refrigeration  Ice            0%         4d5       100%        7
 Spellforged Servitor     Conj/Summ      0%         N/A       100%        7


Dungeon Overview and Level Annotations

Branches:
Dungeon (7/15)             Temple (1/1) D:4

Altars:
Ashenzari
Cheibriados
Dithmenos
Elyvilon
Fedhas
Gozag
Hepliaklqana
Kikubaaqudgha
Makhleb
Okawaru
Ru
Sif Muna
Trog
Uskayaw
Vehumet
Wu Jian
Xom
Yredelemnul
Zin

Shops:
D:6 (

Annotations:
D:5 3 runed translucent doors, ryw's ghost, novice DsMo


Innate Abilities, Weirdness & Mutations

You cannot be hasted, slowed, berserked, paralysed or teleported.
You can dig through walls and to a lower floor.
You have a pair of large antennae on your head. (SInv)
Your four strong arms can wield two-handed weapons with a shield.
You passively map a small area around you.
Your movements are slightly less encumbered by armour. (ER -2)


Message History

You hit the steam dragon but do no damage.
You are engulfed in a cloud of scalding steam.
The steam dragon closely misses you. You block the steam dragon's attack.
A bullfrog comes into view.
The steam dragon breathes steam at you. The ball of steam hits you!
You hit the steam dragon.
The steam dragon is poisoned.
The steam dragon is lightly wounded.
You are engulfed in a cloud of scalding steam.
The steam dragon barely misses you. The steam dragon claws you.
You hit the steam dragon but do no damage.
The steam dragon looks as sick as possible!
The steam dragon is lightly wounded.
You are engulfed in a cloud of scalding steam.
The steam dragon breathes steam at you. The ball of steam hits you!
You barely miss the steam dragon.
The steam dragon is moderately wounded.
You are engulfed in a cloud of scalding steam.
The steam dragon bites you!
The steam dragon claws you but does no damage.
You block the steam dragon's attack. x2
You hit the steam dragon.
The steam dragon looks as sick as possible!
The steam dragon is heavily wounded.
You block the steam dragon's attack.
The steam dragon claws you but does no damage.
The steam dragon attacks as you move away!
The steam dragon completely misses you. The steam dragon barely misses you.
The orc drinks a potion.
The orc flickers and vanishes for a moment.
You closely miss the steam dragon.
The steam dragon is severely wounded.
The steam dragon breathes steam at you. The ball of steam hits you!!
* * * LOW HITPOINT WARNING * * *
You closely miss the steam dragon.
The steam dragon is severely wounded.
You are engulfed in a cloud of scalding steam.
You die...

.).......# ,. , ,
.........# .....
.........# *,......, *
.........####.....), #
........##.........,,.#
...........######.##..
, ####.####[..........,
*** #.# #.#...###o# , ,
* #.####...####@.#
#.##..<### #FD## .
#.##########.#####... *
* #.# ##.....#.......
#.# ##..###...# * *,
#.# #..## #.###**
#.####.##....# ,
#.#.......###. * ,
#.............** *


You could see a steam dragon (very poisoned, catching breath), a bullfrog and an
orc (invisible).

Vanquished Creatures
  Menkaure (D:7)
  An ice beast (D:5)
  An ogre (D:5)
  A phantom (D:6)
  A necrophage (D:6)
  A scorpion (D:4)
  3 wights (D:6)
  6 hounds
  2 gnoll shamans
  3 orc priests
  Ijyb (D:3)
  10 orc wizards
  22 gnolls
  10 adders
  A shadow imp (D:5)
  3 worms
  2 dart slugs (D:1)
  31 orcs
  6 endoplasms
  5 giant cockroaches
  15 goblins
  8 hobgoblins
  6 jackals
  6 kobolds
  6 quokkas
  3 ball pythons
  4 bats
  3 frilled lizards
  3 rats
165 creatures vanquished.

Vanquished Creatures (others)
  4 fungi (D:5)
  A plant (D:3)
5 creatures vanquished.

Grand Total: 170 creatures vanquished

Notes
Turn   | Place    | Note
-------+----------+-------------------------------------------
     0 | D:1      | jimonade the Formicid Fighter began the quest for the Orb.
     0 | D:1      | Reached XP level 1. HP: 18/18 MP: 1/1
   237 | D:1      | Reached XP level 2. HP: 24/24 MP: 2/2
   529 | D:1      | Reached XP level 3. HP: 30/30 MP: 3/3
   956 | D:2      | Reached skill level 4 in Fighting
  1230 | D:2      | Found a faded altar of an unknown god.
  1400 | D:2      | Reached XP level 4. HP: 37/37 MP: 5/5
  2040 | D:2      | Reached XP level 5. HP: 12/43 MP: 6/6
  2313 | D:3      | Found an ancient bone altar of Kikubaaqudgha.
  2764 | D:3      | Noticed Ijyb
  2779 | D:3      | Killed Ijyb
  2780 | D:3      | Reached XP level 6. HP: 46/50 MP: 7/7
  3366 | D:3      | Found a shimmering blue altar of Sif Muna.
  3527 | D:4      | Reached skill level 5 in Fighting
  3720 | D:4      | Gained mutation: You passively map a small area around you.
                  | [potion of mutation]
  3720 | D:4      | Gained mutation: Your movements are slightly less
                  | encumbered by armour. (ER -2) [potion of mutation]
  4013 | D:4      | Found a staircase to the Ecumenical Temple.
  4166 | D:4      | Reached XP level 7. HP: 19/56 MP: 8/8
  4260 | D:4      | Reached skill level 1 in Short Blades
  4710 | D:4      | Reached skill level 5 in Shields
  4740 | D:4      | Found a hide-covered altar of Uskayaw.
  4846 | Temple   | Entered the Ecumenical Temple
  5104 | D:5      | Entered Level 5 of the Dungeon
  5210 | D:5      | Reached skill level 6 in Fighting
  5370 | D:5      | Found a blossoming altar of Fedhas.
  5457 | D:5      | Reached skill level 5 in Armour
  5457 | D:5      | Reached XP level 8. HP: 38/64 MP: 9/9
  5687 | D:5      | Found a runed translucent gate.
  5687 | D:5      | Found a runed translucent gate.
  5687 | D:5      | Found a runed translucent gate.
  5687 | D:5      | Noticed ryw's ghost (novice DsMo)
  5781 | D:5      | Found a sacrificial altar of Ru.
  6840 | D:6      | Reached skill level 1 in Dodging
  7643 | D:6      | Reached skill level 1 in Axes
  7643 | D:6      | Reached XP level 9. HP: 69/71 MP: 10/10
  7821 | D:6      | Reached skill level 7 in Fighting
  7839 | D:6      | Found Cyriatze's Antique Weapon Shop.
  7909 | D:6      | Found an ornate altar of the Wu Jian Council.
  7972 | D:6      | Became a worshipper of the Wu Jian Council
  8642 | D:7      | Noticed Menkaure
  8652 | D:7      | Killed Menkaure
  8701 | D:7      | HP: 2/72 [steam dragon/ball of steam (22)]
  8702 | D:7      | Engulfed by a steam dragon's steam

Illustrated notes

Levels and vault maps discovered:
D:1:      kennysheep_arrival_seaside, layout_basic, serial_rivers,
          chequers_serial_rivers_small_a, chequers_serial_rivers_room_b,
          chequers_serial_rivers_micro_a, chequers_serial_rivers_small_a,
          chequers_serial_rivers_small_3, chequers_serial_rivers_micro_a
D:2:      layout_basic, ebering_ecumenical_altar_hall
D:3:      kennysheep_the_goblin_king, layout_basic, kennysheep_orc_sif_temple,
          nicolae_kikubaaqudgha_miasma_corner, serial_bayou_pond_a
D:4:      layout_basic, nicolae_uskayaw_dance_hall,
          minmay_temple_entry_large_hall, enter_ossuary_5
D:5:      layout_basic, mainiacjoe_overflow_boulevard,
          lemuel_coloured_pillars_altar, ebering_ghost_rock_garden,
          grunt_decor_mini_mirrors
D:6:      layout_rooms, nicolae_wu_jian_immortal_techniques, serial_shops, shop
D:7:      layout_rooms, nicolae_overflow_crystal_walls, uniq_prince_ribbit1,
          uniq_joseph, uniq_menkaure
Temple:   dshaligram_water_room_temple

Skill      XL: |  1  2  3  4  5  6  7  8  9 |
---------------+----------------------------+-----
Fighting       | 4 5 6 7 |  7.1
Staves         | 3 4 |  4.6
Armour         | 4 5 6 |  6.4
Short Blades   | 2 3 |  3.7
Shields        | 5 6 |  6.9
Dodging        | 1 2 |  2.1
Axes           | 1 |  1.8
Throwing       | |  0.4
Spellcasting   | |  0.6

Action                   |  1- 3 |  4- 6 |  7- 9 || total
-------------------------+-------+-------+-------++-------
Melee: Quarterstaff      |    75 |   184 |    21 ||   280
       Dagger            |       |    51 |   289 ||   340
       War axe           |       |       |    47 ||    47
Throw: Dart              |       |       |     6 ||     6
 Abil: Dig               |       |     1 |       ||     1
  Use: Potion            |       |     2 |       ||     2
Armor: Scale mail        |    28 |       |   106 ||   134
       Plate armour      |     9 |   144 |    46 ||   199
Dodge: Dodged            |    23 |    66 |   147 ||   236
Block: Buckler           |    12 |    53 |    62 ||   127
       Tower shield      |       |       |    41 ||    41

Table legend: (Time is in decaauts)
 A = Elapsed time spent in this place.
 B = Non-inter-level travel time spent in this place.
 C = Inter-level travel time spent in this place.
 D = Time resting spent in this place.
 E = Time spent auto-exploring this place.
 F = Levels seen in this place.
 G = Mean time per level.
                   A        B        C        D        E       F      G
               +--------+--------+--------+--------+--------+-----+--------+
         Total |   8785 |   8511 |    274 |   1685 |   4524 |   8 | 1098.1 |
       Dungeon |   8652 |   8400 |    252 |   1685 |   4424 |   7 | 1236.0 |
        Temple |    132 |    110 |     22 |      0 |    100 |   1 |  132.0 |
               +--------+--------+--------+--------+--------+-----+--------+

Top non-repeatable levels by time:
     D:5: 2131 daAuts
     D:3: 1659 daAuts
     D:6: 1321 daAuts
     D:2: 1171 daAuts
     D:4: 1110 daAuts
     D:1: 1097 daAuts
     D:7: 160 daAuts
  Temple: 132 daAuts
